Map: Orbital Shipyard

Players

Starkad

  • Race: Terran Terran
  • League: Master

TTS - Winner!

  • Race: Protoss Protoss
  • League: Platinum

VOD

Have the link to the VOD?

Description

Time

  • Played on: Feb. 24, 2016, 1:43 a.m.
  • Length: 14:53
Show
View Real Time Build Order
Export as new Build Order

Starkad Terran 

Build Orders: Reaper Expand, MMM Bio 

Get SALT Encoding   

  12  0:00  SCV  
  13  0:13  SCV  
  14  0:17  Supply Depot  
  14  0:25  SCV  
  15  0:39  SCV  
  15  0:40  Barracks  
  16  0:43  Refinery  
  16  0:51  SCV  
  17  1:03  SCV  
  18  1:15  SCV  
  19  1:27  Orbital Command  
  19  1:28  Reaper  
  20  1:40  Command Center  
  20  1:52  Supply Depot  
  20  1:53  SCV  
  21  2:07  SCV  
  21  2:08  Barracks  
  22  2:10  Barracks Reactor  
  22  2:18  Barracks  
  22  2:23  SCV  
  22  2:24  Refinery  
  24  2:44  SCV  
  24  2:49  Marine  
  25  2:56  Orbital Command, SCV, Barracks Tech Lab  
  25  3:05  Marine  
  25  3:07  Factory, Marine  
  25  3:08  SCV  
  28  3:14  Marauder  
  28  3:18  Supply Depot  
  28  3:19  Stimpack  
  30  3:20  SCV  
  30  3:21  Marine  
  30  3:23  SCV  
  30  3:26  Marine  
  34  3:32  SCV  
  35  3:36  Engineering Bay, Marine  
  35  3:40  Marauder  
  38  3:43  SCV  
  38  3:46  Marine  
  38  3:48  Marine  
  41  3:49  SCV  
  42  3:56  Factory Reactor  
  42  3:57  Starport  
  42  4:00  SCV  
  45  4:03  Marauder  
  45  4:06  Supply Depot  
  45  4:08  SCV  
  46  4:12  Missile Turret  
  46  4:16  Marine x2  
  48  4:18  SCV  
  48  4:22  Missile Turret  
  48  4:23  Marine  
  50  4:26  Marauder  
  50  4:28  SCV  
  53  4:32  Terran Infantry Weapons Level 1  
  53  4:35  Marine  
  54  4:39  SCV  
  54  4:41  Supply Depot, SCV  
  54  4:45  Medivac  
  58  4:47  Medivac  
  58  4:50  Marine  
  58  4:51  SCV  
  62  4:58  Supply Depot  
  62  5:02  SCV  
  62  5:03  Marauder  
  62  5:04  Supply Depot  
  62  5:05  Marine  
  62  5:06  SCV  
  65  5:20  Marine  
  66  5:24  Marauder  
  68  5:32  Marine x2  
  68  5:33  Medivac  
  64  5:42  Marine  
  62  5:44  SCV  
  62  5:46  Marauder  
  62  5:48  Refinery x2, Command Center  
  62  5:50  Marine  
  62  5:51  Marine  
  64  6:00  Marine  
  64  6:01  Widow Mine  
  64  6:02  Combat Shields  
  64  6:03  SCV  
  64  6:06  Marine  
  64  6:07  Engineering Bay  
  64  6:08  SCV, Marine  
  64  6:10  Armory  
  67  6:15  SCV  
  69  6:19  Barracks Tech Lab  
  69  6:20  SCV, Medivac  
  71  6:26  Barracks, Marine x2  
  71  6:27  Marauder  
  71  6:28  SCV, Barracks  
  71  6:32  SCV  
  77  6:42  Marine  
  77  6:44  Marine x2  
  76  6:47  SCV x2  
  76  6:48  Marine  
  78  6:57  Terran Infantry Armor Level 1, Medivac x2  
  78  6:59  SCV  
  78  7:00  Marauder  
  84  7:02  Marine x2  
  84  7:06  Marine  
  67  7:16  Barracks Tech Lab  
  67  7:17  Orbital Command  
  67  7:19  SCV  
  67  7:20  SCV, Marine x2  
  67  7:22  Marauder  
  73  7:23  Marine  
  73  7:27  Medivac x2  
  78  7:34  Orbital Command  
  78  7:37  Marine  
  78  7:38  Marine  
  78  7:41  Marine x2  
  78  7:43  Marine  
  80  7:46  Concussive Shells  
  80  7:55  Marine  
  80  7:56  Marine  
  82  7:59  Marauder, Barracks Tech Lab  
  82  8:00  Marauder  
  82  8:01  Marauder  
  84  8:11  SCV  
  84  8:12  SCV  
  86  8:13  Marine  
  86  8:14  Marine  
  86  8:19  Marine  
  87  8:20  Marine x2  
  87  8:21  Medivac x2  
  87  8:22  Marauder  
  87  8:25  Barracks  
  87  8:26  SCV  
  97  8:27  Barracks  
  97  8:31  Marine x2  
  93  8:36  SCV  
  93  8:37  Terran Ship Weapons Level 1  
  93  8:38  Terran Infantry Weapons Level 2, Marauder, Marine x2  
  98  8:43  Supply Depot  
  98  8:44  Marauder  
  98  8:45  Supply Depot  
  100  8:53  Marine  
  100  8:54  Refinery  
  101  8:56  Refinery  
  101  9:02  Supply Depot, Marine x2, Viking x2  
  109  9:03  Supply Depot, Marauder  
  109  9:04  Marine  
  108  9:18  Marine  
  108  9:19  Marauder  
  108  9:20  Marauder  
  108  9:21  Barracks Tech Lab  
  108  9:23  Marauder, Barracks Reactor, Terran Infantry Armor Level 2  
  115  9:25  SCV x2  
  115  9:26  SCV  
  115  9:30  Marine  
  115  9:31  Marine  
  120  9:32  Viking x2  
  120  9:37  SCV  
  125  9:43  Marauder, Marine x3  
  125  9:44  SCV x2, Marine  
  133  9:48  Marine  
  133  9:50  SCV  
  134  9:59  Marauder, Marine x2  
  127  10:00  Marine x2  
  127  10:01  Marine  
  127  10:02  Marine  
  127  10:04  Marine  
  127  10:06  Supply Depot  
  132  10:08  Viking x2  
  136  10:19  Marauder  
  136  10:20  Supply Depot  
  136  10:21  Marauder, Marine  
  140  10:22  Supply Depot  
  140  10:27  Marauder x2, Marine x4  
  149  10:37  Ghost Academy  
  149  10:39  Supply Depot  
  149  10:42  Marine x3, Viking  
  154  10:45  Marauder, Marine x2  
  158  11:04  Command Center, Viking  
  160  11:05  Ghost  
  160  11:07  Terran Infantry Weapons Level 3  
  160  11:09  Ghost  
  164  11:12  Viking  
  166  11:19  Missile Turret  
  166  11:24  Ghost x2  
  170  11:26  Marine  
  170  11:32  Ghost  
  173  11:37  Supply Depot  
  173  11:39  Missile Turret  
  173  11:50  Supply Depot  
  173  11:52  Terran Infantry Armor Level 3  
  173  11:58  Ghost  
  173  12:01  Supply Depot, Ghost  
  175  12:07  Terran Ship Weapons Level 2  
  177  12:15  Sensor Tower  
  177  12:18  Planetary Fortress  
  177  12:36  Missile Turret  
  177  12:39  Ghost  
  177  12:40  Marine x2  
  177  12:42  Medivac  
  183  12:49  Marine, Ghost  
  183  12:50  Missile Turret  
  186  12:57  Personal Cloaking  
  186  13:00  Marine, Ghost  
  186  13:01  Marauder x2  
  193  13:07  Marine  
  193  13:08  Ghost  
  193  13:12  Viking  
  192  13:28  Marine, Ghost  
  192  13:29  Marauder x2  
  199  13:51  Marine  
  200  14:14  Barracks x2  
  200  14:15  Barracks  
  200  14:18  Command Center  
Show
View Real Time Build Order
Export as new Build Order

TTS Protoss - Winner!

Build Orders: 1 Gate Expand 

Get SALT Encoding   

  12  0:04  Probe (Chrono Boost)  
  13  0:15  Probe (Chrono Boost)  
  13  0:20  Pylon  
  14  0:25  Probe (Chrono Boost)  
  15  0:38  Gateway, Probe (Chrono Boost)  
  16  0:48  Probe (Chrono Boost)  
  17  0:50  Assimilator  
  17  0:59  Probe (Chrono Boost)  
  18  1:09  Probe (Chrono Boost)  
  19  1:17  Nexus  
  19  1:20  Probe (Chrono Boost)  
  20  1:29  Cybernetics Core  
  20  1:35  Probe (Chrono Boost)  
  20  1:37  Assimilator  
  21  1:43  Pylon  
  21  1:46  Probe (Chrono Boost)  
  22  1:52  Assimilator  
  22  1:56  Probe (Chrono Boost)  
  23  2:07  Probe (Chrono Boost)  
  24  2:17  Probe (Chrono Boost)  
  24  2:20  Adept (Chrono Boost)  
  27  2:29  Probe  
  28  2:31  Probe  
  29  2:41  Probe x2  
  30  2:52  Probe  
  30  2:53  Probe  
  30  2:55  Robotics Facility  
  32  3:02  Probe  
  34  3:05  Probe (Chrono Boost)  
  34  3:13  Warp Gate  
  34  3:14  Pylon, Probe (Chrono Boost)  
  34  3:19  Mothership Core (Chrono Boost)  
  37  3:25  Probe (Chrono Boost)  
  38  3:36  Probe (Chrono Boost), Assimilator  
  38  3:37  Probe (Chrono Boost), Adept  
  38  3:41  Assimilator  
  42  3:42  Pylon  
  42  3:46  Probe (Chrono Boost)  
  42  3:48  Probe (Chrono Boost)  
  44  3:54  Warp Prism, Robotics Bay  
  46  3:57  Probe (Chrono Boost)  
  46  3:58  Probe (Chrono Boost)  
  46  3:59  Pylon  
  48  4:07  Probe (Chrono Boost)  
  48  4:09  Probe (Chrono Boost)  
  50  4:18  Probe (Chrono Boost)  
  50  4:24  Probe (Chrono Boost)  
  52  4:30  Probe (Chrono Boost)  
  52  4:31  Nexus  
  53  4:32  Pylon, Observer (Chrono Boost)  
  53  4:34  Pylon  
  54  4:43  Gateway x2  
  54  4:46  Disruptor (Chrono Boost), Gravitic Drive (Chrono Boost)  
  54  4:49  Probe x2  
  59  5:01  Probe x2  
  59  5:04  Pylon  
  61  5:13  Probe  
  62  5:21  Probe  
  55  5:33  Disruptor, Adept  
  55  5:35  Probe x2  
  60  5:44  Probe  
  60  5:48  Probe  
  60  5:49  Probe  
  62  5:53  Forge  
  61  5:57  Forge, Probe  
  61  5:59  Extended Thermal Lance (Chrono Boost)  
  61  6:01  Probe x2, Colossus  
  61  6:02  Adept x3  
  61  6:03  Pylon  
  69  6:08  Probe  
  76  6:13  Probe  
  76  6:18  Probe  
  78  6:19  Probe  
  79  6:27  Twilight Council  
  79  6:28  Probe  
  79  6:30  Protoss Ground Weapons Level 1, Protoss Ground Armor Level 1  
  79  6:31  Pylon, Stalker x2  
  84  6:33  Stalker  
  84  6:37  Probe  
  83  6:41  Probe x2  
  84  6:49  Probe  
  85  6:55  Gateway  
  85  6:56  Gateway  
  85  6:57  Probe  
  85  6:58  Gateway, Probe  
  83  7:07  Probe  
  83  7:08  Probe  
  84  7:11  Colossus  
  84  7:12  Probe  
  86  7:19  Probe x2  
  86  7:20  Sentry x3  
  100  7:24  Probe  
  100  7:28  Assimilator  
  101  7:30  Probe  
  101  7:31  Probe  
  101  7:33  Assimilator  
  101  7:34  Pylon  
  101  7:37  Probe  
  104  7:40  Probe  
  104  7:43  Probe  
  104  7:44  Charge (Chrono Boost)  
  106  7:49  Gateway, Probe  
  106  7:50  Gateway  
  107  7:51  Probe  
  107  7:52  Pylon  
  107  7:53  Pylon  
  107  7:55  Probe  
  109  8:01  Probe  
  109  8:03  Probe  
  111  8:07  Stalker  
  111  8:08  Stalker x4  
  111  8:11  Stalker  
  123  8:13  Colossus  
  123  8:19  Probe x2  
  131  8:25  Pylon  
  131  8:26  Protoss Ground Weapons Level 2 (Chrono Boost)  
  131  8:37  Protoss Ground Armor Level 2 (Chrono Boost)  
  131  8:42  Pylon  
  131  8:43  Templar Archives  
  123  9:02  Sentry  
  125  9:03  Stalker x2  
  125  9:04  Nexus, Zealot  
  125  9:06  Colossus (Chrono Boost)  
  125  9:07  Pylon, Zealot  
  125  9:09  Stalker  
  141  9:16  Probe  
  142  9:21  Blink (Chrono Boost)  
  142  9:27  Pylon, Probe  
  142  9:30  Psionic Storm  
  143  9:34  Photon Cannon  
  143  9:46  Pylon  
  143  9:48  Pylon  
  143  9:49  Zealot x2  
  143  9:50  Zealot x6  
  158  9:57  Observer (Chrono Boost)  
  159  10:10  Pylon  
  159  10:15  High Templar x2  
  159  10:16  Observer  
  159  10:20  Probe  
  159  10:21  Probe  
  166  10:23  High Templar x2  
  166  10:24  Zealot  
  166  10:25  Zealot x2  
  166  10:26  High Templar  
  178  10:35  Gateway  
  178  10:36  Gateway  
  178  10:40  Pylon  
  179  10:43  Observer (Chrono Boost)  
  179  10:51  High Templar  
  179  10:52  Zealot x4  
  179  10:53  Protoss Ground Weapons Level 3  
  179  10:55  Assimilator  
  179  10:56  Assimilator  
  189  10:57  Photon Cannon  
  189  11:02  Observer (Chrono Boost)  
  190  11:05  Photon Cannon  
  190  11:12  Probe  
  190  11:13  Protoss Ground Armor Level 3  
  190  11:15  Nexus  
  190  11:17  Pylon  
  191  11:24  High Templar  
  193  11:25  Photon Cannon  
  193  11:28  Warp Prism (Chrono Boost)  
  193  11:30  High Templar  
  196  11:37  Dark Shrine  
  196  11:39  Gateway  
  196  11:42  Gateway, Zealot x2  
  200  11:59  Photon Cannon  
  200  12:00  Photon Cannon  
  200  12:02  Photon Cannon  
  200  12:03  Photon Cannon  
  200  12:06  Pylon, Photon Cannon  
  200  12:08  Robotics Facility  
  200  12:15  Stargate  
  200  12:17  Stargate  
  196  12:38  Immortal (Chrono Boost)  
  200  12:45  Gateway  
  200  12:46  Gateway  
  200  12:55  Assimilator  
  200  13:01  Assimilator  
  196  13:08  Dark Templar x2  
  196  13:09  Dark Templar x2  
  200  13:12  Archon  
  200  13:13  Archon  
  198  13:45  Fleet Beacon  
  198  13:47  Stargate  
  196  14:00  Immortal (Chrono Boost)  
  200  14:09  High Templar  
  200  14:23  Archon  
  172  14:38  Archon  
  172  14:39  Zealot x4  
  172  14:40  Zealot x6  
  172  14:41  Zealot x4  
Tags
 
Add a new tag
Caveats
  • Supply blocks, unpowered buildings, or Contaminate may cause inaccurate times.
  • Supply counts are checked every 10 seconds.